 Dungeon Crawl Stone Soup version 0.23-a0-650-ga4d50d4 (webtiles) character file.

12 zishaf the Sneak (level 2, 0/15 HPs)
             Began as a Vine Stalker Assassin on Jan 5, 2019.
             Slain by a jackal (1 damage)
             ... on level 1 of the Dungeon.
             The game lasted 00:00:32 (99 turns).

zishaf the Sneak (Vine Stalker Assassin)              Turns: 99, Time: 00:00:32

Health: 0/15       AC:  3    Str: 13    XL:     2   Next: 33%
Magic:  0/3        EV: 11    Int: 11    God:
Gold:   0          SH:  0    Dex: 15    Spells: 1/1 levels left

rFire    . . .     SeeInvis .   a - +2 dagger
rCold    . . .     Gourm    .   (no shield)
rNeg     . . .     Faith    .   c - +0 robe
rPois    .         Spirit   +   (no helmet)
rElec    .         Reflect  .   d - +0 cloak
rCorr    .         Harm     .   (no gloves)
MR       .....                  (no boots)
Stlth    +++.......             (no amulet)
HPRegen  0.05/turn              (no ring)
MPRegen  0.08/turn              (no ring)

@: no status effects
A: fangs 2, magic shield, antimagic bite, no potion heal 3, rot immunity
a: no special abilities


You were on level 1 of the Dungeon.
You were not hungry.

You visited 1 branch of the dungeon, and saw 1 of its levels.

Inventory:

Hand Weapons
 a - a +2 dagger (weapon)
 b - a +0 blowgun
Missiles
 e - 8 poisoned needles
 f - 2 curare-tipped needles
Armour
 c - a +0 robe (worn)
 d - a +0 cloak (worn)
Scrolls
 i - a scroll of identify {unknown}
Potions
 h - a potion of curing {unknown}
Comestibles
 g - 2 rations


   Skills:
 + Level 2.1 Fighting
 + Level 2.1 Short Blades
 - Level 1.7 Throwing
 - Level 0.7 Dodging
 - Level 5.0 Stealth


You had one spell level left.
You didn't know any spells.
Your spell library was empty.

Dungeon Overview and Level Annotations

Branches:
Dungeon (1/15)

Altars:


Innate Abilities, Weirdness & Mutations

You have extremely sharp teeth.
When hurt, damage is shared between your health and your magic reserves.
Your bite disrupts and absorbs the magic of your enemies.
Potions cannot restore your health.
You are immune to rotting.


Message History

You hit the jackal. You bite the jackal, but do no damage.
The jackal is moderately wounded.
The jackal stops to sniff the ground.
The jackal barely misses you. The jackal bites you.
* * * LOW HITPOINT WARNING * * *
You hit the jackal but do no damage.
The jackal is moderately wounded.
The jackal bites you but does no damage.
The jackal barely misses you.
You hit the jackal. Your bite misses the jackal.
The jackal is almost dead.
The jackal barely misses you. The jackal bites you.
The jackal closely misses you.
You miss the jackal. Your bite misses the jackal.
The jackal is almost dead.
The jackal bites you. The jackal misses you. The jackal closely misses you.
You hit the jackal.
You kill the jackal!
The jackal bites you.
You die...

#..#... #
#..#.########.##
####....#.......>..
#................#
#.#...####''####.#
# #.#h#.......#
#.#h#..P≈...#
#.#h#..≈....# #
#@#P≈≈..P##
#†#..≈≈..#
#.#≈.≈≈≈.##
#g#.≈≈≈≈≈.##
..#P≈P≈≈≈≈.#
...#≈P≈≈≈≈.##
....#≈≈≈≈≈.##
.....#≈≈≈≈≈.##
#.....#≈P≈≈≈≈.##


You could see 3 jackals and a hobgoblin.

Vanquished Creatures
  A hobgoblin (D:1)
  7 jackals (D:1)
  A kobold (D:1)
9 creatures vanquished.

Notes
Turn   | Place    | Note
-------+----------+-------------------------------------------
     0 | D:1      | zishaf the Vine Stalker Assassin began the quest for the
                  | Orb.
     0 | D:1      | Reached XP level 1. HP: 11/11 MP: 2/2
    62 | D:1      | Reached skill level 5 in Stealth
    64 | D:1      | Reached XP level 2. HP: 10/15 MP: 3/3
    99 | D:1      | Slain by a jackal

Vault maps used:
D:1:      lightli_arrival_windingriver, chequers_serial_rivers_room_b

Skill      XL: |  1 |
---------------+----+-----
Stealth        | 5 |  5.0
Fighting       | 2 |  2.1
Short Blades   | 2 |  2.1
Throwing       | |  1.7
Dodging        | |  0.7

Action                   || total
-------------------------++-------
Melee: Dagger            ||    37
       Bite              ||     8
Armor: Robe              ||     4
Dodge: Dodged            ||    23

Table legend:
 A = Non-vault XP
 B = Vault XP
 C = Vault XP percentage of total XP
 D = Non-vault monster count
 E = Vault monster count
 F = Vault count percentage of total count
                 A         B        C        D         E       F
            +---------+---------+-------+---------+---------+-------
      Total |      18 |       0 |   0.0 |       9 |       0 |   0.0
            +---------+---------+-------+---------+---------+-------
        D:1 |      18 |       0 |   0.0 |       9 |       0 |   0.0
            +---------+---------+-------+---------+---------+-------
